 Dungeon Crawl Stone Soup version 0.29.1-2-gbd0b4ee654 (webtiles) character file.

Game seed: 16102616444606512302

158 BreadTh the Magician (level 5, -4/24 HPs)
             Began as a Spriggan Hedge Wizard on Nov 16, 2022.
             Slain by an ogre
             ... wielding a +0 giant club
              (28 damage)
             ... on level 4 of the Dungeon.
             The game lasted 00:13:44 (4032 turns).

BreadTh the Magician (Spriggan Hedge Wizard)        Turns: 4032, Time: 00:13:45

Health: -4/24      AC:  6    Str:  6    XL:     5   Next: 16%
Magic:  13/13      EV: 17    Int: 18    God:
Gold:   124        SH:  0    Dex: 14    Spells: 2/14 levels left

rFire   . . .      SeeInvis +   q - +5 short sword (venom)
rCold   . . .      Faith    .   (no shield)
rNeg    . . .      Spirit   .   b - +0 robe
rPois   .          Reflect  .   c - +0 hat
rElec   .          Harm     .   (no cloak)
rCorr   .          Rampage  .   (gloves unavailable)
Will    .....                   (boots unavailable)
Stlth   ++........              (no amulet)
HPRegen 0.08/turn               l - +4 ring of protection
MPRegen 0.13/turn               (no ring)

@: very quick
A: very small, no large weapons, unfitting armour, see invisible, speed 3
a: no special abilities


You were on level 4 of the Dungeon.
You visited 1 branch of the dungeon, and saw 4 of its levels.

You collected 124 gold pieces.

Inventory:

Hand Weapons
 h - a +0 spear
 q - a +5 short sword of venom (weapon)
Missiles
 m - 4 poisoned darts
Armour
 b - a +0 robe (worn)
 c - a +0 hat (worn)
Jewellery
 l - a +4 ring of protection (left hand)
 u - a ring of protection from fire
Scrolls
 a - a scroll of brand weapon {unknown}
 g - a scroll of teleportation {unknown}
 i - a scroll of poison {unknown}
 j - a scroll of fog {unknown}
 p - 3 scrolls of identify {unknown}
 r - a scroll of enchant weapon {unknown}
 t - a scroll of immolation {unknown}
 v - a scroll of magic mapping {unknown}
Potions
 d - a potion of magic
 e - 4 potions of haste {unknown}
 f - a potion of cancellation {unknown}
 k - a potion of mutation {unknown}
 n - a potion of heal wounds {unknown}
 o - 3 potions of brilliance {unknown}
 s - a potion of curing {unknown}


   Skills:
 + Level 3.2 Dodging
 + Level 3.8 Stealth
 * Level 5.3 Spellcasting
 * Level 1.5 Conjurations
 + Level 1.1 Summonings
 + Level 0.2 Necromancy
 + Level 2.2 Translocations
 + Level 0.6 Fire Magic
 + Level 0.7 Air Magic
 + Level 0.6 Poison Magic


You had 2 spell levels left.
You knew the following spells:

 Your Spells              Type           Power      Damage    Failure   Level
a - Magic Dart            Conj           40%        1d5       7%          1
b - Blink                 Tloc           26%        N/A       8%          2
c - Call Imp              Summ           8%         N/A       12%         2
d - Mephitic Cloud        Conj/Pois/Air  8%         N/A       26%         3
e - Conjure Flame         Conj/Fire      8%         6-21      24%         3
f - Necrotise             Necr           20%        1d5       12%         1

Your spell library contained the following spells:

 Spells                   Type           Power      Damage    Failure   Level
 Slow                     Hex            16%        N/A       13%         1
 Vampiric Draining        Necr           5%         2d6       34%         3
 Iskenderun's Battlesphe  Conj           10%        2d6       88%         5
 Fireball                 Conj/Fire      4%         3d4       92%         5
 Agony                    Necr           5%         N/A       97%         5
 Conjure Ball Lightning   Conj/Air       4%         3x3d6     100%        6
 Orb of Destruction       Conj           5%         9d5       100%        7


Dungeon Overview and Level Annotations

Branches:
Dungeon (4/15)
 Temple: D:4-7

Altars:

Shops:
D:3 (


Innate Abilities, Weirdness & Mutations

You are very small and have problems with some larger weapons.
You are too small for most types of armour.
You have supernaturally acute eyesight. (SInv)
You cover ground extremely quickly. (Speed+++)


Message History

Aiming: Magic Dart (safe; 8% risk of failure)
Press: ? - help, Shift-Dir - straight line, f/p - orc wizard
Aim: an orc wizard, wielding a +0 dagger and wearing a +0 robe (heavily wounded, 100% to hit)
The magic dart hits the orc wizard but does no damage.
The orc wizard is heavily wounded.
Casting: Magic Dart (safe; 8% risk of failure)
Confirm with . or Enter, or press ? or * to list all spells.
Aiming: Magic Dart (safe; 8% risk of failure)
Press: ? - help, Shift-Dir - straight line, f/p - orc wizard
Aim: an orc wizard, wielding a +0 dagger and wearing a +0 robe (heavily wounded, 100% to hit)
The magic dart hits the orc wizard.
The orc wizard is severely wounded.
You hit the orc wizard.
The orc wizard is poisoned.
The orc wizard is almost dead.
You kill the orc wizard!
You have reached level 5!
You feel clever.
Things that are here:
a +0 dagger; a +0 robe You start resting.
Magic restored.
Done exploring.
Done exploring.
There is a stone staircase leading down here.
You climb downwards.
Found a falchion and 6 gold pieces.
There is a stone staircase leading up here.
The helpless ogre fails to defend itself.
You puncture the ogre!
The ogre is moderately wounded.
The ogre hits you with a +0 giant club!
There is a stone staircase leading up here.
You climb upwards.
There is a stone staircase leading down here.
You start resting.
HP restored.
You climb downwards.
The ogre hits you with a +0 giant club!!
Ouch! That really hurt!
You die...

###########
#..@O...).#
#.........#
#.........#
###.#.#####
#.#.# ..#.#
.## # $


You could see an ogre.

Vanquished Creatures
  An orc priest (D:3)
  An orc wizard (D:3)
  A gnoll (D:1)
  3 adders
  A worm (D:2)
  3 orcs (D:3)
  3 ball pythons
  2 endoplasms
  A giant cockroach (D:2)
  3 goblins
  A hobgoblin (D:2)
  5 jackals
  2 kobolds
  4 quokkas
  4 bats
  A rat (D:2)
36 creatures vanquished.

Vanquished Creatures (collateral kills)
  Terence (D:2)
1 creature vanquished.

Vanquished Creatures (others)
  A plant (D:3)
1 creature vanquished.

Grand Total: 38 creatures vanquished

Notes
Turn   | Place    | Note
-------+----------+-------------------------------------------
     0 | D:1      | BreadTh the Spriggan Hedge Wizard began the quest for the
                  | Orb.
     0 | D:1      | Reached XP level 1. HP: 9/9 MP: 6/6
   331 | D:1      | Reached XP level 2. HP: 13/13 MP: 0/8
   864 | D:1      | Reached skill level 1 in Conjurations
  1337 | D:2      | Reached XP level 3. HP: 16/16 MP: 5/10
  1416 | D:2      | Learned a level 2 spell: Blink
  1441 | D:2      | Learned a level 2 spell: Call Imp
  1445 | D:2      | Learned a level 3 spell: Mephitic Cloud
  1449 | D:2      | Learned a level 3 spell: Conjure Flame
  1774 | D:2      | Noticed Terence
  2042 | D:2      | Killed Terence
  2043 | D:2      | Reached skill level 5 in Spellcasting
  2161 | D:2      | Reached XP level 4. HP: 15/21 MP: 2/12
  2417 | D:3      | Reached skill level 1 in Summonings
  2495 | D:3      | Learned a level 1 spell: Necrotise
  3026 | D:3      | Found Qicwei's Antique Weapon Emporium.
  3310 | D:3      | HP: 1/21 [orc priest/nerve-wracking pain (8)]
  3725 | D:3      | Reached XP level 5. HP: 24/24 MP: 6/13
  3890 | D:4      | Noticed an ogre
  4032 | D:4      | Slain by an ogre

Illustrated notes

Levels and vault maps discovered:
D:1:      dpeg_arrival_water_temple_mockup, layout_basic, chequers_garden
D:2:      layout_rooms, uniq_terence
D:3:      layout_loops_cross, serial_shops, nicolae_shop_overgrown_old_shop
D:4:      layout_rooms, chequers_temple_overflow_minitemple,
          mainiacjoe_overflow_concentric_impassable

Skill      XL: |  1  2  3  4 |
---------------+-------------+-----
Conjurations   | 1 |  1.5
Dodging        | 3 |  3.2
Spellcasting   | 5 |  5.3
Summonings     | 1 |  1.1
Translocations | 2 |  2.2
Stealth        | |  3.8
Necromancy     | |  0.2
Fire Magic     | |  0.6
Air Magic      | |  0.7
Poison Magic   | |  0.6

Action                   |  1- 3 |  4- 6 || total
-------------------------+-------+-------++-------
Melee: Short sword       |     1 |     7 ||     8
       Dagger            |     1 |       ||     1
 Cast: Magic Dart        |    82 |    48 ||   130
       Call Imp          |    10 |     5 ||    15
       Necrotise         |       |     2 ||     2
       Conjure Flame     |       |     1 ||     1
       Mephitic Cloud    |       |     1 ||     1
 Stab: Confused          |       |     1 ||     1
       Sleeping          |       |     1 ||     1
Armor: Robe              |     1 |       ||     1
Dodge: Dodged            |     7 |     5 ||    12
